 Dungeon Crawl Stone Soup version 0.27-a0-1196-g3e9cee4cb2 (webtiles) character file.

Game seed: 1516799145035959981

58 pilgrim the Shooter (level 3, 0/21 HPs)
             Began as a Deep Elf Hunter on May 28, 2021.
             Slain by an adder (3 damage)
             ... on level 2 of the Dungeon.
             The game lasted 00:03:35 (1085 turns).

pilgrim the Shooter (Deep Elf Hunter)               Turns: 1085, Time: 00:03:36

Health: 0/21       AC:  3    Str: 10    XL:     3   Next: 75%
Magic:  5/5        EV: 12    Int: 15    God:
Gold:   40         SH:  0    Dex: 15    Spells: 2/2 levels left

rFire    . . .     SeeInvis .   a - +1 shortbow
rCold    . . .     Faith    .   (shield currently unavailable)
rNeg     . . .     Spirit   .   c - +0 leather armour
rPois    .         Reflect  .   (no helmet)
rElec    .         Harm     .   (no cloak)
rCorr    .         Rampage  .   (no gloves)
Will     .....                  (no boots)
Stlth    ++........             (no amulet)
HPRegen  0.07/turn              (no ring)
MPRegen  0.09/turn              (no ring)

@: very slightly contaminated, invisible
A: no striking features
a: no special abilities


You were on level 2 of the Dungeon.
You visited 1 branch of the dungeon, and saw 2 of its levels.

You collected 40 gold pieces.

Inventory:

Hand Weapons
 a - a +1 shortbow (weapon)
 b - a +0 short sword
Missiles
 d - 18 arrows (quivered ammo)
Armour
 c - a +0 leather armour (worn)
Scrolls
 f - a scroll of fear {unknown}
 g - a scroll of magic mapping {unknown}


   Skills:
 + Level 2.2 Fighting
 + Level 5.9 Bows
 - Level 3.0 Dodging
 + Level 2.6 Stealth


You had 2 spell levels left.
You didn't know any spells.
Your spell library contained the following spells:

 Spells                   Type           Power      Damage    Failure   Level
 Beastly Appendage        Tmut           0%         N/A       36%         1
 Wereblood                Tmut           0%         N/A       50%         2
 Spider Form              Tmut/Pois      0%         N/A       73%         3
 Ice Form                 Ice/Tmut       0%         N/A       98%         4
 Hydra Form               Tmut           0%         N/A       100%        5


Dungeon Overview and Level Annotations

Branches:
Dungeon (2/15)

Altars:


Message History

Press: ? - help, Q - select action Shift-Dir - straight line, f/p - adder
Aim: an adder (moderately wounded, 46% to hit)
You shoot an arrow. The arrow closely misses the adder.
The adder barely misses you.
Fire: 23 arrows
Press: ? - help, Q - select action Shift-Dir - straight line, f/p - adder
Aim: an adder (moderately wounded, 46% to hit)
You shoot an arrow. The arrow closely misses the adder.
The adder bites you but does no damage. The adder barely misses you.
Fire: 22 arrows
Press: ? - help, Q - select action Shift-Dir - straight line, f/p - adder
Aim: an adder (moderately wounded, 46% to hit)
You shoot an arrow. The arrow misses the adder.
The adder barely misses you.
Fire: 21 arrows
Press: ? - help, Q - select action Shift-Dir - straight line, f/p - adder
Aim: an adder (moderately wounded, 46% to hit)
You shoot an arrow. The arrow closely misses the adder.
The adder bites you.
You are poisoned.
The adder poisons you!
Fire: 20 arrows
Press: ? - help, Q - select action Shift-Dir - straight line, f/p - adder
Aim: an adder (lightly wounded, 46% to hit)
You shoot an arrow. The arrow misses the adder.
You feel sick. The adder completely misses you. The adder bites you.
Fire: 19 arrows
Press: ? - help, Q - select action Shift-Dir - straight line, f/p - adder
Aim: an adder (lightly wounded, 46% to hit)
You shoot an arrow. The arrow misses the adder.
You feel sick. The adder bites you.
* * * LOW HITPOINT WARNING * * *
It was a potion of invisibility.
You fade into invisibility!
You feel sick. The adder closely misses you.
You are very lightly contaminated with residual magic.
You feel sick.
You are no longer poisoned.
The adder bites you.
You die...

####.....#..# ##
#.....#..# .# ... .#
###.....#..# #.#....
.#####.......#..#.#.#....
.'......†....#..#..(....#
.#####.###.#.#†......(..#
..#....#.#.#.......[....#
.........#.###.###......#
..#......#.#....@S(.....(
.........................
..............<.........#
#...########.##########.#
.......... ## #
#...######
.#......##....#
.#.######..#..#
.#.#...#..##..#


You could see an adder.

Vanquished Creatures
  An adder (D:2)
  A worm (D:2)
  3 dart slugs
  A ball python (D:1)
  2 endoplasms (D:1)
  A giant cockroach (D:1)
  7 hobgoblins
  3 jackals (D:2)
  4 kobolds
  A quokka (D:1)
  3 bats (D:1)
  3 frilled lizards
  3 goblins
  4 rats (D:1)
37 creatures vanquished.

Notes
Turn   | Place    | Note
-------+----------+-------------------------------------------
     0 | D:1      | pilgrim the Deep Elf Hunter began the quest for the Orb.
     0 | D:1      | Reached XP level 1. HP: 12/12 MP: 3/3
   160 | D:1      | Reached XP level 2. HP: 16/17 MP: 4/4
   545 | D:1      | Reached XP level 3. HP: 21/21 MP: 5/5
  1085 | D:2      | Slain by an adder

Illustrated notes

Levels and vault maps discovered:
D:1:      kilobyte_arrival_exit_the_forest, layout_basic, serial_glass,
          glass_columns_a, glass_columns_b
D:2:      layout_basic, hellmonk_ecumenical_altar_zigzags, hangedman_glass_teeth

Skill      XL: |  1  2 |
---------------+-------+-----
Stealth        | 2 |  2.6
Fighting       | 2 |  2.2
Dodging        | 3 |  3.0
Bows           | |  5.9

Action                   || total
-------------------------++-------
Melee: Short sword       ||    10
 Fire: Shortbow          ||   100
  Use: Potion            ||     1
Armor: Leather armour    ||    11
Dodge: Dodged            ||    36

Table legend: (Time is in decaauts)
 A = Elapsed time spent in this place.
 B = Non-inter-level travel time spent in this place.
 C = Inter-level travel time spent in this place.
 D = Time resting spent in this place.
 E = Time spent auto-exploring this place.
 F = Levels seen in this place.
 G = Mean time per level.
                   A        B        C        D        E       F      G
               +--------+--------+--------+--------+--------+-----+--------+
         Total |   1098 |   1069 |     29 |      0 |    880 |   2 |  549.0 |
       Dungeon |   1098 |   1069 |     29 |      0 |    880 |   2 |  549.0 |
               +--------+--------+--------+--------+--------+-----+--------+

Top non-repeatable levels by time:
     D:1: 815 daAuts
     D:2: 283 daAuts
